 Dungeon Crawl Stone Soup version 0.27-a0-660-g90476cec82 (webtiles) character file.

Game seed: 2315970915944317329

264 robertstho the Firebug (level 5, -1/28 HPs)
             Began as a Deep Elf Fire Elementalist on Mar 16, 2021.
             Slain by a ball python (2 damage)
             ... on level 4 of the Dungeon.
             The game lasted 00:06:04 (2941 turns).

robertstho the Firebug (Deep Elf Fire Elementalist) Turns: 2941, Time: 00:06:04

Health: -1/28      AC:  3    Str:  5    XL:     5   Next: 98%
Magic:  4/13       EV: 13    Int: 21    God:
Gold:   129        SH:  0    Dex: 15    Spells: 5/13 levels left

rFire    + + .     SeeInvis .   c - +0 spear
rCold    + + .     Faith    .   (no shield)
rNeg     . . .     Spirit   .   a - +0 robe
rPois    +         Reflect  .   (no helmet)
rElec    +         Harm     .   k - scarf {rC+ rF+}
rCorr    +         Rampage  .   h - +0 pair of gloves
Will     .....                  (no boots)
Stlth    ++........             (no amulet)
HPRegen  0.09/turn              (no ring)
MPRegen  0.13/turn              (no ring)

@: resistant, flying
A: no striking features
a: no special abilities


You were on level 4 of the Dungeon.
You visited 1 branch of the dungeon, and saw 4 of its levels.

You collected 129 gold pieces.

Inventory:

Hand Weapons
 c - a +0 spear (weapon)
Missiles
 g - 12 arrows
Armour
 a - a +0 robe (worn)
 h - a +0 pair of gloves (worn)
 k - a scarf of resistance (worn)
Jewellery
 e - a ring of protection from cold
Wands
 m - a wand of flame (15)
Scrolls
 b - 2 scrolls of teleportation {unknown}
 f - a scroll of blinking {unknown}
 i - 4 scrolls of identify {unknown}
 j - a scroll of fog {unknown}
 q - a scroll of fear {unknown}
Potions
 l - a potion of curing {unknown}
 n - a potion of might {unknown}
 o - a potion of ambrosia {unknown}
 p - a potion of flight


   Skills:
 + Level 3.2 Dodging
 + Level 3.4 Stealth
 * Level 4.5 Spellcasting
 * Level 3.1 Conjurations
 * Level 5.2 Fire Magic


You had 5 spell levels left.
You knew the following spells:

 Your Spells              Type           Power      Damage    Failure   Level
a - Foxfire               Conj/Fire      88%        2x1d8     1%          1
b - Conjure Flame         Conj/Fire      22%        6-21      6%          3
c - Sticky Flame          Conj/Fire      22%        2d4       21%         4

Your spell library contained the following spells:

 Spells                   Type           Power      Damage    Failure   Level
 Inner Flame              Hex/Fire       15%        N/A       12%         3
 Fireball                 Conj/Fire      11%        3d7       50%         5


Dungeon Overview and Level Annotations

Branches:
Dungeon (4/15)
 Temple: D:4-7

Altars:
The Shining One

Annotations:
D:4 Grinder


Message History

The foxfire hits Grinder.
Grinder is severely wounded.
The foxfire hits Grinder but does no damage.
Grinder is severely wounded.
The foxfire hits Grinder but does no damage.
Grinder is severely wounded.
A ball python comes into view.
Grinder gestures at you.
You struggle to resist.
Casting: Foxfire (safe; 1% risk of failure)
Confirm with . or Enter, or press ? or * to list all spells.
You conjure some foxfire!
The ball python hisses angrily.
Grinder hits you.
You writhe in agony.
Unknown command.
Casting: Foxfire (safe; 1% risk of failure)
Confirm with . or Enter, or press ? or * to list all spells.
You conjure some foxfire!
The foxfire hits Grinder.
Grinder is severely wounded.
The foxfire hits Grinder.
Grinder is severely wounded.
Grinder hits you.
You writhe in agony.
* * * LOW HITPOINT WARNING * * *
Unknown command.
The foxfire hits Grinder.
Grinder is almost dead.
The foxfire hits Grinder.
Grinder is almost dead.
Grinder gestures at you. Pain shoots through your body!
* * * LOW HITPOINT WARNING * * *
It was a potion of flight.
You feel very buoyant.
You fly up into the air.
Grinder gestures at you. You resist with significant effort.
It was a potion of resistance.
You feel protected. The ball python bites you.
You die...

.. #.# #.# #.# .. #.#
#.##.# #..#.# #.#.#
#.S.# #.#......#
#.@######.#......#
###.5.......#......#
#...........#......#
#.##........#......#
#.##........#......##
#.##........#.......<
#.#................#
#####'#.##.####.#.##.###
#.......##.####.#.##.#


You could see Grinder and a ball python.

Vanquished Creatures
  A centaur zombie (D:3)
  An orc priest (D:3)
  Natasha (twice) (D:2)
  A worker ant (D:4)
  3 gnolls (D:2)
  2 adders (D:3)
  An ooze (D:2)
  2 worms
  A dart slug (D:4)
  4 leopard geckos
  9 orcs (D:3)
  3 giant cockroaches
  5 goblins
  7 hobgoblins
  3 jackals
  5 kobolds
  A quokka (D:3)
  7 bats
  5 frilled lizards
  4 rats
67 creatures vanquished.

Vanquished Creatures (others)
  252 foxfires
252 creatures vanquished.

Grand Total: 319 creatures vanquished

Notes
Turn   | Place    | Note
-------+----------+-------------------------------------------
     0 | D:1      | robertstho the Deep Elf Fire Elementalist began the quest
                  | for the Orb.
     0 | D:1      | Reached XP level 1. HP: 10/10 MP: 6/6
   141 | D:1      | Reached XP level 2. HP: 13/15 MP: 4/8
   749 | D:1      | Reached skill level 4 in Fire Magic
   860 | D:2      | Reached XP level 3. HP: 19/19 MP: 4/9
   906 | D:2      | Noticed Natasha
   920 | D:2      | Killed Natasha
  1115 | D:2      | Noticed Natasha
  1120 | D:2      | Killed Natasha
  1121 | D:2      | Reached XP level 4. HP: 23/24 MP: 6/11
  1517 | D:2      | Found a glowing golden altar of the Shining One.
  2072 | D:3      | Reached XP level 5. HP: 28/28 MP: 10/13
  2273 | D:3      | Learned a level 3 spell: Conjure Flame
  2278 | D:3      | Learned a level 4 spell: Sticky Flame
  2511 | D:3      | Reached skill level 5 in Fire Magic
  2927 | D:4      | Noticed Grinder
  2939 | D:4      | HP: 1/28 [Grinder/nerve-wracking pain (4)]
  2941 | D:4      | Slain by a ball python

Illustrated notes

Levels and vault maps discovered:
D:1:      minmay_arrival_nine_rooms, layout_basic, chequers_decorated_corner,
          feat_on_display
D:2:      layout_rooms, overflow_temple_1_default, uniq_natasha
D:3:      layout_basic
D:4:      layout_basic, grunt_temple_overflow_open, lemuel_statue_altar,
          uniq_grinder

Skill      XL: |  1  2  3  4  5 |
---------------+----------------+-----
Fire Magic     | 4 5 |  5.2
Dodging        | 3 |  3.2
Conjurations   | 2 3 |  3.1
Spellcasting   | 4 |  4.5
Stealth        | 3 |  3.4

Action                   |  1- 3 |  4- 6 || total
-------------------------+-------+-------++-------
Melee: Spear             |     3 |     6 ||     9
       Unarmed           |     1 |       ||     1
 Cast: Foxfire           |    41 |   106 ||   147
  Use: Potion            |       |     2 ||     2
Armor: Robe              |     2 |     3 ||     5
Dodge: Dodged            |    10 |    22 ||    32

Table legend: (Time is in decaauts)
 A = Elapsed time spent in this place.
 B = Non-inter-level travel time spent in this place.
 C = Inter-level travel time spent in this place.
 D = Time resting spent in this place.
 E = Time spent auto-exploring this place.
 F = Levels seen in this place.
 G = Mean time per level.
                   A        B        C        D        E       F      G
               +--------+--------+--------+--------+--------+-----+--------+
         Total |   2946 |   2842 |    104 |    486 |   1943 |   4 |  736.5 |
       Dungeon |   2946 |   2842 |    104 |    486 |   1943 |   4 |  736.5 |
               +--------+--------+--------+--------+--------+-----+--------+

Top non-repeatable levels by time:
     D:2: 1181 daAuts
     D:1: 812 daAuts
     D:3: 745 daAuts
     D:4: 206 daAuts
